 Dungeon Crawl Stone Soup version 0.25.1-2-g60ff931df9 (webtiles) character file.

Game seed: 17690458755145058833

211 hawla the Stinger (level 5, -2/38 HPs)
             Began as a Draconian Venom Mage on Nov 10, 2020.
             Slain by a phantom (6 damage)
             ... on level 4 of the Dungeon.
             The game lasted 00:13:14 (4095 turns).

hawla the Stinger (Draconian Venom Mage)            Turns: 4095, Time: 00:13:15

Health: -2/38      AC:  6    Str: 10      XL:     5   Next: 57%
Magic:  10/10      EV: 12    Int: 15 (16) God:
Gold:   121        SH:  0    Dex: 12      Spells: 0/10 levels left

rFire    x . .     SeeInvis .   (no weapon)
rCold    + . .     Gourm    .   (no shield)
rNeg     . . .     Faith    .   (armour unavailable)
rPois    .         Spirit   .   (helmet restricted)
rElec    .         Reflect  .   (no cloak)
rCorr    .         Harm     .   f - +0 pair of gloves (curse)
MR       .....                  (no boots)
Stlth    ++........             (no amulet)
HPRegen  0.12/turn              m - ring of ice (curse)
MPRegen  0.12/turn              (no ring)

@: hasted, very quick
A: unfitting armour, cold-blooded, AC +5
a: no special abilities


You were on level 4 of the Dungeon.
You were not hungry.

You visited 1 branch of the dungeon, and saw 4 of its levels.

You collected 121 gold pieces.

Inventory:

Armour
 f - a cursed +0 pair of gloves (worn)
Jewellery
 m - a cursed ring of ice (left hand)
Scrolls
 c - 2 scrolls of teleportation
 e - 2 scrolls of remove curse
 g - a scroll of fear
 k - a scroll of enchant weapon
Potions
 h - a potion of degeneration
 j - a potion of cancellation
Comestibles
 b - 11 rations


   Skills:
 + Level 0.2 Fighting
 - Level 1.7 Dodging
 - Level 1.7 Stealth
 + Level 3.4 Spellcasting
 + Level 1.8 Transmutations
 + Level 1.6 Air Magic
 + Level 4.7 Poison Magic


You couldn't memorise any spells.
You knew the following spells:

 Your Spells              Type           Power        Failure   Level  Hunger
a - Sting                 Tmut/Pois      ##..         4%          1    None
b - Poisonous Vapours     Pois/Air       ##....       8%          2    ##.....
c - Olgreb's Toxic Radia  Pois           ###.....     26%         4    ####...
d - Ignite Poison         Fire/Tmut/Pois #.......     24%         3    ###....

Your spell library contained the following spells:

 Spells                   Type           Power        Failure   Level  Hunger
 Mephitic Cloud           Conj/Pois/Air  #.......     24%         3    ###....


Dungeon Overview and Level Annotations

Branches:
Dungeon (4/15)
 Temple: D:4-7

Altars:
Ashenzari
Gozag
Kikubaaqudgha
Qazlal
Wu Jian
Xom

Annotations:
D:3 1 runed translucent door, Crazy Yiuf
D:4 Blork the orc


Innate Abilities, Weirdness & Mutations

Your plain brown scales are hard. (AC +5)
You cannot fit into any form of body armour.
You are cold-blooded and may be slowed by cold attacks.


Message History

The phantom barely misses you.
You closely miss the phantom.
The phantom is heavily damaged.
The phantom hits you.
* * * LOW HITPOINT WARNING * * *
You hit the phantom but do no damage.
The phantom is heavily damaged.
The phantom hits you but does no damage.
You barely miss the phantom.
The phantom is heavily damaged.
The phantom hits you!
* * * LOW HITPOINT WARNING * * *
Okay, then.
You feel yourself speed up.
The phantom hits you but does no damage.
You start resting.
Eating a chunk of flesh.
You eat the chunk of flesh.
This raw flesh tastes terrible.
The phantom is too close now for your liking.
The phantom hits you.
You die...

#.# #..._..⌠.._.# #.# #.#
#...........# #.#
##.####.##._..._.## #.#
#.......##....÷..#########.#
#...W......................#
#
#.##########################
#.#...........#
#...........W.#
###.#########@# #.# #.# ###
###


You could see a phantom.

Vanquished Creatures
  An orc priest (D:4)
  2 orc wizards
  4 adders
  A worm (D:2)
  5 dart slugs
  9 orcs
  7 bats
  4 giant cockroaches
  6 goblins
  7 hobgoblins
  4 jackals (D:2)
  2 quokkas
  2 ball pythons (D:1)
  3 frilled lizards
  6 kobolds
  6 rats
69 creatures vanquished.

Notes
Turn   | Place    | Note
-------+----------+-------------------------------------------
     0 | D:1      | hawla the Draconian Venom Mage began the quest for the Orb.
     0 | D:1      | Reached XP level 1. HP: 14/14 MP: 3/3
   354 | D:1      | Reached XP level 2. HP: 20/20 MP: 3/5
  1195 | D:2      | Reached XP level 3. HP: 26/26 MP: 4/6
  1269 | D:2      | Learned a level 2 spell: Poisonous Vapours
  2395 | D:3      | Reached skill level 4 in Poison Magic
  2395 | D:3      | Reached XP level 4. HP: 33/33 MP: 3/8
  2452 | D:3      | Reached skill level 1 in Air Magic
  3162 | D:3      | Found a runed translucent door.
  3163 | D:3      | Noticed Crazy Yiuf
  3272 | D:3      | Reached XP level 5. HP: 38/38 MP: 0/9
  3575 | D:3      | Learned a level 4 spell: Olgreb's Toxic Radiance
  3579 | D:3      | Learned a level 3 spell: Ignite Poison
  3628 | D:4      | Noticed Blork the orc
  3929 | D:4      | Found an opulent altar of Gozag.
  3929 | D:4      | Found an ornate altar of the Wu Jian Council.
  3929 | D:4      | Found an ancient bone altar of Kikubaaqudgha.
  3930 | D:4      | Found a stormy altar of Qazlal.
  3930 | D:4      | Found a shattered altar of Ashenzari.
  3930 | D:4      | Found a shimmering altar of Xom.
  3930 | D:4      | Noticed a phantom
  4060 | D:4      | HP: 1/38 [phantom (8)]
  4095 | D:4      | Slain by a phantom

Illustrated notes

Levels and vault maps discovered:
D:1:      evilmike_arrival_plus, layout_loops_ring
D:2:      layout_basic
D:3:      layout_basic, first_ration, uniq_crazy_yiuf_cottage
D:4:      layout_basic, grunt_temple_overflow_open, uniq_blork_the_orc

Skill      XL: |  1  2  3  4 |
---------------+-------------+-----
Poison Magic   | 4 |  4.7
Air Magic      | 1 |  1.6
Spellcasting   | 3 |  3.4
Fighting       | |  0.2
Dodging        | |  1.7
Stealth        | |  1.7
Transmutations | |  1.8

Action                   |  1- 3 |  4- 6 || total
-------------------------+-------+-------++-------
Melee: Unarmed           |    18 |    71 ||    89
       Tailslap          |     1 |     7 ||     8
Throw: Boomerang         |       |    44 ||    44
 Cast: Sting             |    47 |    12 ||    59
       Poisonous Vapours |    24 |    26 ||    50
       Olgreb's Toxic Ra |       |     2 ||     2
       Ignite Poison     |       |     1 ||     1
  Use: Scroll            |     7 |     2 ||     9
       Potion            |       |     8 ||     8
  Eat: Chunk             |     6 |     8 ||    14
Armor: Skin              |     9 |    18 ||    27
Dodge: Dodged            |    16 |    51 ||    67
